 Dungeon Crawl Stone Soup version 0.22-a0-407-gb098539 (webtiles) character file.

376523 dstrtnsr the Slayer (level 22, -3/224 HPs)
             Began as a Hill Orc Berserker on May 10, 2018.
             Was an Elder of Trog.
             Killed by divine providence
             ... invoked by a black draconian stormcaller
              (7 damage)
             ... on level 5 of the Realm of Zot.
             The game lasted 00:48:23 (31588 turns).

dstrtnsr the Slayer (Hill Orc Berserker)           Turns: 31588, Time: 00:48:24

Health: -3/224     AC: 49    Str: 33    XL:     22   Next: 41%
Magic:  19/29      EV: 12    Int:  7    God:    Trog [****..]
Gold:   993        SH:  0    Dex: 10    Spells: 21/21 levels left

rFire    + + +     SeeInvis +   a - +6 broad axe (elec)
rCold    + + +     Gourm    .   j - +3 buckler {rC+ rF+}
rNeg     . . .     Faith    +   s - +9 scales of the Dragon King {rPois rF+ rC+ MR+}
rPois    +         Spirit   .   X - +2 helmet {SInv}
rElec    +         Reflect  .   O - +2 cloak
rCorr    +         Harm     .   W - +2 pair of gloves {Str+3}
MR       +++++                  t - +2 pair of boots
Stlth    ..........             y - amulet of Untruth {Faith rElec}
HPRegen  1.47/turn              m - ring of protection from magic
MPRegen  0.21/turn              f - ring of protection from fire

@: confused, resistant, berserk cooldown, regenerating, hasted and slowed
A: no striking features
}: 3/15 runes: barnacled, silver, gossamer
a: Berserk, Trog's Hand, Brothers in Arms, Renounce Religion


You were on level 5 of the Realm of Zot.
You worshipped Trog.
Trog was greatly pleased with you.
You were not hungry.

You visited 7 branches of the dungeon, and saw 44 of its levels.

You collected 2375 gold pieces.
You spent 1382 gold pieces at shops.

Inventory:

Hand Weapons
 a - a +6 broad axe of electrocution (weapon)
 c - a +8 war axe of freezing
Missiles
 h - 6 throwing nets (quivered)
Armour
 j - a +3 buckler of resistance (worn)
 s - the +9 scales of the Dragon King (worn) {rPois rF+ rC+ MR+}
   (You found it on level 5 of the Dungeon)

   It protects you from fire.
   It protects you from cold.
   It protects you from poison.
   It affects your resistance to hostile enchantments.
 t - a +2 pair of boots (worn)
 O - a +2 cloak (worn)
 W - a +2 pair of gloves of strength (worn)
 X - a +2 helmet of see invisible (worn)
Jewellery
 f - a ring of protection from fire (right hand)
 i - an uncursed ring of resist corrosion
 m - a ring of protection from magic (left hand)
 y - the amulet of Untruth (around neck) {Faith rElec}
   (You took it off a centaur on level 11 of the Dungeon)

   [amulet of faith]

   It allows you to gain divine favour quickly.
   It insulates you from electricity.
 H - an uncursed ring of fire
Wands
 u - a wand of scattershot (3)
 C - a wand of acid (4)
 D - a wand of disintegration (29)
 E - a wand of enslavement (7)
 I - a wand of iceblast (29)
 M - a wand of polymorph (13)
 N - a wand of clouds (1)
 P - a wand of paralysis (38)
Scrolls
 b - 6 scrolls of enchant armour
 d - 20 scrolls of teleportation {!d}
 g - 2 scrolls of fog
 l - 4 scrolls of immolation
 p - 2 scrolls of remove curse {@r2}
 w - a scroll of identify {@r1}
 G - a scroll of magic mapping
 U - 2 scrolls of noise
 V - a scroll of blinking
Potions
 k - 5 potions of mutation
 r - 6 potions of lignification
 x - a potion of ambrosia
 z - 4 potions of flight
 F - 2 potions of cancellation
Miscellaneous
 v - a lightning rod (4/4)
 Y - a phantom mirror
Comestibles
 e - 23 rations {!d}


   Skills:
 * Level 24.8 Fighting
 - Level 20.0 Axes
 * Level 22.9 Armour
 + Level 11.5 Dodging
 - Level 4.0 Shields
 - Level 10.0 Evocations


You had 21 spell levels left.
You didn't know any spells.

Dungeon Overview and Level Annotations

Branches:
Dungeon (15/15)              Lair (6/6) D:10         Shoals (4/4) Lair:4
 Spider (4/4) Lair:4        Slime (0/5) Lair:6          Orc (0/2) D:11
 Vaults (5/5) D:13          Crypt (0/3) Vaults:2     Depths (5/5) D:15
    Zot (5/5) Depths:5
 Temple: D:4-7

Altars:
Gozag
Kikubaaqudgha
Makhleb
Qazlal
Ru
Vehumet
Jiyva

Shops:
D:6 [   D:8 *   D:11 }%*   D:12 (   D:14 *   Vaults:2 %   Vaults:4 %*:[

Portals:
Hell: Depths:4
Abyss: Depths:4

Annotations:
Lair:2 exclusion: 3 oklob plants
Lair:3 exclusion: oklob plant
Lair:6 1 runed door


Message History

Press: ? - help, Dir - move target cursor You create a blast of flame!
The electric golem crackles and sizzles.
The electric golem hits you but does no damage. x3
You block the electric golem's attack.
The wind drake is engulfed in blazing flames.
The electric golem hurls lightning at you.
The bolt of lightning misses you.
The Killer Klown is engulfed in blazing flames.
The black draconian stormcaller is engulfed in blazing flames.
Unknown command.
You are confused.
You feel invigorated.
The electric golem hits you but does no damage. x4
The wind drake is engulfed in blazing flames.
The wind drake barely misses you.
The Killer Klown is engulfed in blazing flames.
The electric golem blinks!
The wind drake is engulfed in blazing flames.
The wind drake barely misses you.
The Killer Klown is engulfed in blazing flames.
The yellow draconian shifter is engulfed in blazing flames.
The black draconian stormcaller hits you but does no damage.
You're too confused to move!
The electric golem blinks!
The wind drake is engulfed in blazing flames.
The Killer Klown is engulfed in blazing flames.
The Killer Klown hits you but does no damage.
The black draconian stormcaller hits you but does no damage.
You're too confused to move!
The electric golem hits you!
* * * LOW HITPOINT WARNING * * *
The electric golem shocks you. You resist.
* * * LOW HITPOINT WARNING * * *
The electric golem hits you.
* * * LOW HITPOINT WARNING * * *
The electric golem shocks you. You resist.
* * * LOW HITPOINT WARNING * * *
The electric golem closely misses you.
The electric golem hits you but does no damage.
The yellow draconian shifter is engulfed in blazing flames.
The Killer Klown is engulfed in blazing flames.
The Killer Klown squeezes you but does no damage.
You slice the black draconian stormcaller!!
The black draconian stormcaller is severely wounded.
You miss the Killer Klown. You miss the electric golem.
You feel the effects of Trog's Hand fading.
The electric golem closely misses you.
The electric golem hits you but does no damage. x2
The electric golem closely misses you.
The black draconian stormcaller hits you but does no damage.
The Killer Klown is engulfed in blazing flames.
The Killer Klown closely misses you.
The wind drake is engulfed in blazing flames.
The electric golem barely misses you. The electric golem closely misses you.
The electric golem misses you.
The electric golem hits you but does no damage.
The yellow draconian shifter is engulfed in blazing flames.
The electric golem hits you.
* * * LOW HITPOINT WARNING * * *
The electric golem shocks you! You resist.
* * * LOW HITPOINT WARNING * * *
The electric golem hits you but does no damage. x2
The electric golem hits you.
* * * LOW HITPOINT WARNING * * *
The Killer Klown is engulfed in blazing flames.
The black draconian stormcaller utters an invocation to Qazlal.
You slice the black draconian stormcaller!!
The black draconian stormcaller is almost dead.
You closely miss the electric golem. You miss the wind drake.
You hit the wind drake. You miss the Killer Klown.
The electric golem hurls lightning at you.
The bolt of lightning misses you. x2
The bolt of lightning hits the electric golem.
The electric golem completely resists.
The bolt of lightning misses the electric golem.
The Killer Klown blinks!
The yellow draconian shifter casts a spell.
The Killer Klown blinks!
The black draconian stormcaller hits you but does no damage.
You bump into the rock wall.
The electric golem hurls lightning at you.
The bolt of lightning misses you. x2
The bolt of lightning hits the electric golem.
The electric golem completely resists.
The bolt of lightning misses the electric golem.
The wind drake bites you but does no damage.
The wind drake flaps its wings at you. The air twists around and strikes you!
The Killer Klown howls with blood-lust!
The Killer Klown pokes you!
* * * LOW HITPOINT WARNING * * *
You feel your power leaking away. The electric golem barely misses you.
The electric golem hits you but does no damage. x2
The electric golem hits you!
* * * LOW HITPOINT WARNING * * *
The yellow draconian shifter is engulfed in blazing flames.
The wind drake bites you but does no damage.
The black draconian stormcaller calls down the wrath of Qazlal upon you.
Qazlal smites you!
You die...

#........#
#........###
#...#......##
######......##
##......####
*######........#
#...........)..# #
#.##########)).## #
*,#k@pkk...#[...## #
*,#k8qq...§#)).#.####
*,#.##§§##.#....#...[
*.'.#.§§.#.'.....####
#.'.#..§§#.)......#**
*#.#.##'§##.#.§.......
*..#........#....#...#
*****
#..#........#........#
*,,,*
*,,##########.......##


You could see a Killer Klown, an electric golem, a yellow draconian shifter, a
black draconian stormcaller, 2 wind drakes, a lindwurm and a swamp drake.

Vanquished Creatures
  An ancient lich (Zot:5)
  A curse toe (Zot:4)
  A Killer Klown (Zot:5)
  5 golden dragons
  A bone dragon (Depths:5)
  An electric golem (Zot:5)
  The ghost of zkyp the Warrior, an adept KoBe of Trog (Shoals:2)
  4 tentacled monstrosities
  2 titans
  3 quicksilver dragons
  A sphinx (Vaults:4)
  3 death cobs
  7 storm dragons
  Kirke (Spider:3)
  4 shadow dragons
  4 draconian monks
  6 draconian knights
  3 fire giants
  7 vault wardens
  2 frost giants (Depths:3)
  5 draconian scorchers
  7 ghost moths
  Louise (Shoals:4)
  4 draconian shifters
  4 emperor scorpions (Spider:4)
  2 draconian stormcallers
  6 ironheart preservers
  8 draconian annihilators
  6 stone giants
  5 very ugly things
  A war gargoyle (Vaults:5)
  11 green draconians
  2 vampire knights
  8 black draconians
  An entropy weaver (Spider:4)
  A dire elephant (D:15)
  2 deep elf demonologists
  3 white draconians
  10 yellow draconians
  5 purple draconians
  A spark wasp (Depths:3)
  8 red draconians
  A deep elf death mage (Vaults:4)
  4 merfolk impalers
  11 ettins
  2 great orbs of eyes (Vaults:3)
  A merfolk javelineer (Shoals:4)
  2 fire dragons
  The ghost of dstrtnsr the Severer, a journeyman HOBe of Trog (D:10)
  The ghost of emperorscorpion the Carver, a journeyman MiBe of Trog (D:11)
  7 yaktaur captains
  2 hydras
  2 rakshasas
  14 vault guards
  6 ice dragons
  8 centaur warriors
  2 merfolk avatars
  9 ogre magi
  22 two-headed ogres
  A death knight (Vaults:2)
  3 deep troll shamans
  5 satyrs
  8 death yaks
  A tengu warrior (D:14)
  A vampire mage (Depths:4)
  6 deep troll earth magi
  4 hell knights
  4 deep elf knights
  3 shadow wraiths (Vaults:4)
  5 skeletal warriors
  An iron troll (Depths:4)
  7 sea snakes
  4 unseen horrors
  An unseen horror (shapeshifter) (Vaults:4)
  13 deep trolls
  2 glowing orange brains
  A lindwurm (Lair:6)
  A deep troll (shapeshifter) (Vaults:5)
  3 deep elf archers
  2 wizards
  2 necromancers
  Pikel (D:9)
  A harpy (shapeshifter) (Vaults:3)
  11 ironbrand convokers
  17 harpies
  2 phantasmal warriors (Depths:4)
  17 ugly things
  15 wolf spiders
  9 orb spiders
  15 fauns
  8 cyclopes
  12 deep elf magi
  4 orc knights
  15 moths of wrath
  A salamander (D:15)
  4 manticores
  A centaur zombie (D:13)
  A cyclops (shapeshifter) (Depths:5)
  12 elephants (Lair:4)
  A merfolk siren (Shoals:4)
  5 torpor snails (Lair:6)
  6 vault sentinels
  13 spiny frogs
  Joseph (D:9)
  A gargoyle (D:15)
  10 black mambas
  2 water nymphs (Shoals:2)
  2 rime drakes
  5 demonic crawlers
  4 kobold demonologists (D:15)
  2 efreet (D:15)
  A yaktaur (shapeshifter) (D:13)
  15 yaktaurs
  A freezing wraith (Vaults:4)
  5 komodo dragons
  2 meliai (D:14)
  16 jumping spiders
  7 trolls
  3 wind drakes
  12 hornets
  4 slime creatures (Vaults:3)
  7 blink frogs
  13 merfolk
  4 tyrant leeches (Lair:6)
  A dream sheep (Shoals:3)
  12 hippogriffs
  4 snapping turtles
  2 vampires
  2 shadows
  5 water elementals
  8 tarantellas
  3 wyverns
  31 redbacks
  A spriggan (D:8)
  A hog (shapeshifter) (Vaults:1)
  2 hogs (Spider:3)
  3 wraiths
  A human (shapeshifter) (Depths:2)
  32 yaks
  2 basilisks
  2 vampire mosquitoes (D:13)
  A warg (Vaults:5)
  A soldier ant (D:13)
  2 acid dragons (Lair:6)
  9 water moccasins
  7 porcupines
  A swamp drake (Lair:6)
  16 orc warriors
  3 ice beasts
  A slave (D:9)
  3 necrophages
  4 sky beasts
  6 boggarts
  26 ogres
  10 wolves
  7 crocodiles
  19 centaurs
  A big kobold (D:11)
  14 bullfrogs
  3 gnoll sergeants
  A water moccasin zombie (D:6)
  5 scorpions
  3 wyvern skeletons
  17 killer bees
  15 wights
  3 electric eels
  5 howler monkeys
  A human simulacrum (Vaults:2)
  2 crimson imps (D:10)
  3 quasits
  7 jellies
  12 hounds
  6 orc priests
  10 orc wizards
  5 centaur skeletons
  3 iguanas
  5 worker ants
  2 hell rats (D:10)
  3 hound zombies
  3 hound skeletons
  A howler monkey skeleton (D:10)
  10 adders
  19 gnolls
  3 river rats (D:10)
  4 shadow imps
  An ooze (D:1)
  An adder skeleton (D:8)
  A worm (D:6)
  A dart slug (D:3)
  5 leopard geckos
  42 orcs
  A bat (D:1)
  5 giant cockroaches
  2 hobgoblins
  3 jackals
  4 kobolds
  5 quokkas
  6 frilled lizards
  A goblin (D:3)
  3 rats
  2 fungi
  9 plants
1106 creatures vanquished.

Vanquished Creatures (collateral kills)
  2 tentacled monstrosities
  An Orb Guardian (Zot:5)
  A quicksilver dragon (Zot:5)
  A storm dragon (Zot:5)
  A draconian knight (Zot:5)
  A draconian scorcher (Zot:5)
  A war gargoyle (Vaults:4)
  2 green draconians (Zot:5)
  A black draconian (Zot:5)
  A yellow draconian (Zot:4)
  Harold (Lair:2)
  A vault guard (Vaults:5)
  2 two-headed ogres (Vaults:5)
  3 merfolk avatars
  6 merfolk aquamancers
  A dancing weapon (Vaults:5)
  An orc knight (Vaults:5)
  A wolf spider (Vaults:4)
  3 fauns (Shoals:4)
  A moth of wrath (Zot:5)
  A merfolk siren (Shoals:4)
  2 hornets (Spider:4)
  A jumping spider (shapeshifter) (Vaults:4)
  5 merfolk
  2 wind drakes (Shoals:4)
  2 dream sheep (Shoals:3)
  3 snapping turtles
  A tarantella (Spider:4)
  4 water elementals (Shoals:4)
  An orc warrior (Vaults:5)
  An ogre (Vaults:5)
  2 orcs (Vaults:5)
57 creatures vanquished.

Vanquished Creatures (others)
  A tentacled monstrosity (Zot:5)
  A purple draconian (Zot:4)
  An ettin (Vaults:5)
  A yaktaur captain (Vaults:5)
  A moth of wrath (Zot:5)
  A meliai (D:14)
  A human (Spider:3)
  An ice beast (D:9)
  4 fungi
  45 plants
57 creatures vanquished.

Grand Total: 1220 creatures vanquished

Notes
Turn   | Place    | Note
-------+----------+-------------------------------------------
     0 | D:1      | dstrtnsr the Hill Orc Berserker began the quest for the Orb.
     0 | D:1      | Reached XP level 1. HP: 19/19 MP: 1/1
   149 | D:1      | Reached XP level 2. HP: 22/27 MP: 2/2
   451 | D:2      | Reached skill level 4 in Fighting
   590 | D:2      | Reached skill level 5 in Axes
   590 | D:2      | Reached XP level 3. HP: 33/33 MP: 3/3
   926 | D:4      | Noticed a scorpion
   931 | D:4      | Killed a scorpion
   931 | D:4      | Reached XP level 4. HP: 41/41 MP: 4/4
  1046 | D:4      | Reached XP level 5. HP: 47/47 MP: 5/5
  1052 | D:4      | Reached skill level 5 in Fighting
  1069 | D:4      | HP: 10/48 [orc priest/divine providence (13)]
  1071 | D:4      | Reached ** piety under Trog
  1075 | D:4      | HP: 7/48 [hound zombie (1)]
  1479 | D:4      | Found a sacrificial altar of Ru.
  1488 | D:4      | Reached XP level 6. HP: 56/56 MP: 6/6
  1771 | D:4      | Noticed a phantom
  1799 | D:5      | Entered Level 5 of the Dungeon
  1834 | D:5      | Found the +9 scales of the Dragon King {rPois rF+ rC+ MR+}
  1847 | D:5      | Reached skill level 1 in Shields
  1897 | D:6      | Reached XP level 7. HP: 62/62 MP: 7/7
  2053 | D:6      | Reached skill level 6 in Fighting
  2314 | D:6      | Found Fogo's Antique Armour Emporium.
  2442 | D:7      | Reached XP level 8. HP: 71/71 MP: 8/8
  2817 | D:7      | Found a burning altar of Makhleb.
  2831 | D:7      | Reached skill level 7 in Fighting
  2831 | D:7      | Reached skill level 10 in Axes
  2997 | D:8      | Found Cir Deno's General Store.
  3222 | D:8      | Noticed a two-headed ogre
  3234 | D:8      | Killed a two-headed ogre
  3234 | D:8      | Reached skill level 8 in Fighting
  3234 | D:8      | Reached skill level 5 in Armour
  3234 | D:8      | Reached XP level 9. HP: 81/81 MP: 9/9
  3343 | D:8      | Noticed a two-headed ogre
  3351 | D:8      | Killed a two-headed ogre
  3435 | D:8      | Noticed a two-headed ogre
  3447 | D:8      | Killed a two-headed ogre
  3447 | D:8      | Reached *** piety under Trog
  3447 | D:8      | Reached skill level 9 in Fighting
  3447 | D:8      | Reached XP level 10. HP: 91/91 MP: 10/10
  4365 | D:9      | Found a radiant altar of Vehumet.
  4461 | D:9      | Noticed Pikel
  4470 | D:9      | Killed Pikel
  4584 | D:9      | Reached skill level 10 in Fighting
  4635 | D:9      | Found an ancient bone altar of Kikubaaqudgha.
  4801 | D:9      | Noticed Joseph
  4809 | D:9      | Killed Joseph
  5122 | D:10     | Entered Level 10 of the Dungeon
  5194 | D:10     | Reached XP level 11. HP: 101/101 MP: 11/11
  5234 | D:10     | Reached **** piety under Trog
  5321 | D:10     | Found a radiant altar of Vehumet.
  5361 | D:10     | Noticed an unseen horror
  5375 | D:10     | Killed an unseen horror
  5375 | D:10     | Reached skill level 15 in Axes
  5449 | D:10     | Found a staircase to the Lair.
  5449 | D:10     | Noticed a death yak
  5449 | D:10     | Noticed a two-headed ogre
  5450 | D:10     | Noticed a death yak
  5451 | D:10     | Noticed a death yak
  5464 | D:10     | Killed a two-headed ogre
  5479 | D:10     | Killed a death yak
  5490 | D:10     | Killed a death yak
  5490 | D:10     | Reached skill level 11 in Fighting
  5801 | D:10     | Noticed dstrtnsr's ghost (journeyman HOBe)
  5814 | D:10     | Killed dstrtnsr's ghost
  5981 | D:10     | Killed a death yak
  6284 | D:11     | Got a pitted garnet amulet
  6469 | D:11     | Noticed emperorscorpion's ghost (journeyman MiBe)
  6495 | D:11     | Killed emperorscorpion's ghost
  6495 | D:11     | Reached XP level 12. HP: 111/111 MP: 12/12
  6519 | D:11     | Reached skill level 10 in Armour
  6662 | D:11     | Found Tualeic's Food Shop.
  6926 | D:11     | Reached skill level 12 in Fighting
  6938 | D:11     | Found Wathorel's Gadget Shop.
  7140 | D:11     | Found Itoxax's Assorted Antiques.
  7155 | D:11     | Bought a scroll of teleportation for 87 gold pieces
  7155 | D:11     | Bought a sapphire potion for 26 gold pieces
  7155 | D:11     | Bought a brass ring for 145 gold pieces
  7155 | D:11     | Bought a scroll labeled XURONE WOEPPATZ for 29 gold pieces
  7155 | D:11     | Bought a puce potion for 26 gold pieces
  7155 | D:11     | Identified the amulet of Untruth {Faith rElec} (You took it off a centaur on level 11 of the Dungeon)
  7211 | D:11     | Found a staircase to the Orcish Mines.
  7256 | D:11     | Reached ***** piety under Trog
  7648 | Lair:1   | Entered Level 1 of the Lair of Beasts
  8133 | Lair:1   | Got a vibrating tin ring
  8281 | Lair:1   | Identified the ring of Recaim {Fire rN+ Int+3 Dex+4} (You found it on level 1 of the Lair of Beasts)
  8504 | Lair:2   | Noticed Harold
  8513 | Lair:2   | Killed Harold
  9514 | Lair:3   | Reached XP level 13. HP: 110/119 MP: 13/13
  9861 | Lair:3   | Reached skill level 13 in Fighting
 11294 | Lair:4   | Found a staircase to the Shoals.
 11301 | Lair:4   | Found a hole to the Spider Nest.
 11310 | Lair:4   | Received a gift from Trog
 11877 | Lair:5   | Reached skill level 14 in Fighting
 12468 | Lair:5   | Found a stormy altar of Qazlal.
 12482 | Lair:6   | Entered Level 6 of the Lair of Beasts
 12482 | Lair:6   | Found a staircase to the Slime Pits.
 12483 | Lair:6   | Found a viscous altar of Jiyva.
 12494 | Lair:6   | Reached XP level 14. HP: 132/132 MP: 14/14
 12774 | Lair:6   | Reached skill level 15 in Fighting
 13151 | Lair:6   | Found a runed door.
 13159 | Lair:6   | Received a gift from Trog
 13396 | Lair:6   | Paralysed by a hornet for 2 turns
 14530 | D:12     | Found Cystrion's Weapon Emporium.
 14978 | D:13     | Reached skill level 16 in Fighting
 15001 | D:13     | Received a gift from Trog
 15198 | D:13     | Found an opulent altar of Gozag.
 15501 | D:13     | Found a gate to the Vaults.
 15847 | D:14     | Found Danoprae's Assorted Antiques.
 15856 | D:14     | Reached XP level 15. HP: 140/145 MP: 15/15
 15868 | D:14     | Bought a scroll labeled KUATTU FEUC for 23 gold pieces
 15868 | D:14     | Bought a scroll of identify for 46 gold pieces
 15868 | D:14     | Bought a scroll labeled XUVVALYNOIL for 23 gold pieces
 16338 | D:15     | Entered Level 15 of the Dungeon
 16506 | D:15     | Reached skill level 15 in Armour
 16828 | D:15     | Reached skill level 17 in Fighting
 17003 | D:15     | Reached ****** piety under Trog
 17119 | D:15     | Found a staircase to the Depths.
 17338 | D:11     | Bought a dazzling cloak for 275 gold pieces
 17343 | D:11     | Identified the cursed +0 cloak "Vunieri" {Stlth+} (You bought it in a shop on level 11 of the Dungeon)
 17579 | D:6      | Bought a pair of embroidered gloves for 202 gold pieces
 17579 | D:6      | Bought a shiny helmet for 202 gold pieces
 17579 | D:6      | Bought a pair of scorched boots for 256 gold pieces
 17609 | D:6      | Identified the cursed -4 pair of boots of the Countless Coins {Str+3} (You bought it in a shop on level 6 of the Dungeon)
 17780 | Spider:1 | Entered Level 1 of the Spider Nest
 17817 | Spider:1 | Received a gift from Trog
 17982 | Spider:3 | Reached skill level 1 in Evocations
 18009 | Spider:3 | Noticed Kirke
 18022 | Spider:3 | Killed Kirke
 18237 | Spider:4 | Entered Level 4 of the Spider Nest
 18535 | Spider:4 | Received a gift from Trog
 18654 | Spider:4 | Reached XP level 16. HP: 131/157 MP: 18/18
 19006 | Spider:4 | Reached skill level 18 in Fighting
 19119 | Spider:4 | Got a gossamer rune of Zot
 19576 | Spider:2 | Reached skill level 5 in Dodging
 19672 | Shoals:1 | Entered Level 1 of the Shoals
 19682 | Shoals:2 | Noticed zkyp's ghost (adept KoBe)
 19691 | Shoals:2 | Received a gift from Trog
 19708 | Shoals:2 | Killed zkyp's ghost
 19774 | Shoals:2 | Identified 2 scrolls of acquirement
 20103 | Shoals:2 | Reached skill level 5 in Evocations
 20331 | Shoals:2 | Received a gift from Trog
 20715 | Shoals:3 | Reached skill level 19 in Fighting
 20743 | Shoals:4 | Entered Level 4 of the Shoals
 20754 | Shoals:4 | Reached XP level 17. HP: 119/168 MP: 21/21
 21215 | Shoals:4 | Noticed Louise
 21228 | Shoals:4 | Killed Louise
 21422 | Shoals:4 | Received a gift from Trog
 21521 | Shoals:4 | Got a barnacled rune of Zot
 21795 | Vaults:1 | Entered Level 1 of the Vaults
 22543 | Vaults:2 | Received a gift from Trog
 22798 | Vaults:2 | Found a staircase to the Crypt.
 22875 | Vaults:2 | Found Kuntanagoh's Food Shop.
 23271 | Vaults:3 | Reached skill level 20 in Fighting
 23591 | Vaults:4 | Reached XP level 18. HP: 137/178 MP: 23/23
 23783 | Vaults:4 | Noticed a tentacled monstrosity
 23786 | Vaults:4 | Received a gift from Trog
 23795 | Vaults:4 | Killed a tentacled monstrosity
 23816 | Vaults:4 | Found Exkawk's Book Shop.
 23816 | Vaults:4 | Found Miuklub's General Store.
 23842 | Vaults:4 | Bought a scroll of identify for 42 gold pieces
 23852 | Vaults:4 | Found Fynega's Food Shop.
 23960 | Vaults:4 | Received a gift from Trog
 24437 | Vaults:4 | Found Akhoen's Armour Shop.
 24464 | Vaults:4 | HP: 60/180 [stone giant (17)]
 24990 | Vaults:4 | Found a burning altar of Makhleb.
 25043 | Vaults:4 | Reached skill level 21 in Fighting
 25088 | Vaults:4 | Reached XP level 19. HP: 189/189 MP: 25/25
 25479 | Vaults:5 | Entered Level 5 of the Vaults
 25515 | Vaults:5 | HP: 65/190 [stone giant (19)]
 25548 | Vaults:5 | Got a silver rune of Zot
 26072 | Depths:1 | Entered Level 1 of the Depths
 26411 | Depths:4 | Received a gift from Trog
 26418 | Depths:4 | HP: 73/191 [spark wasp (4)]
 26893 | Depths:3 | Reached skill level 22 in Fighting
 26934 | Depths:3 | Reached skill level 10 in Evocations
 27026 | Depths:4 | Reached XP level 20. HP: 163/200 MP: 27/27
 27187 | Depths:4 | Received a gift from Trog
 27212 | Depths:4 | Found a gateway to Hell.
 27363 | Depths:4 | Found a one-way gate to the infinite horrors of the Abyss.
 27399 | Depths:5 | Entered Level 5 of the Depths
 27441 | Depths:5 | Found a gate to the Realm of Zot.
 27449 | Depths:5 | Noticed a golden dragon
 27450 | Depths:5 | Noticed a bone dragon
 27471 | Depths:5 | Killed a bone dragon
 27486 | Depths:5 | Killed a golden dragon
 27751 | Zot:1    | Entered Level 1 of the Realm of Zot
 27763 | Zot:1    | Noticed a golden dragon
 27772 | Depths:5 | Killed a golden dragon
 27881 | Zot:2    | Received a gift from Trog
 27887 | Zot:2    | Reached skill level 10 in Dodging
 27901 | Zot:2    | Reached skill level 23 in Fighting
 28074 | Zot:2    | Noticed a golden dragon
 28092 | Zot:2    | Killed a golden dragon
 28376 | Zot:4    | Reached XP level 21. HP: 187/211 MP: 28/28
 28720 | Zot:4    | Noticed a curse toe
 28733 | Zot:4    | HP: 82/318 [??? (79)]
 28738 | Zot:4    | Killed a curse toe
 28757 | Zot:4    | HP: 60/212 [yellow draconian/glob of acid (6)]
 29420 | Zot:4    | Received a gift from Trog
 29604 | Zot:5    | Entered Level 5 of the Realm of Zot
 29704 | Zot:4    | Noticed a golden dragon
 29716 | Zot:4    | Killed a golden dragon
 30234 | Zot:4    | Reached skill level 24 in Fighting
 30339 | Zot:5    | HP: 119/321 [purple draconian annihilator/iron shot (52)]
 30344 | Zot:5    | HP: 108/321 [poisoned by a red draconian annihilator (poison arrow)]
 30349 | Zot:5    | HP: 94/321 [poisoned by a red draconian annihilator (poison arrow)]
 30355 | Zot:5    | HP: 85/321 [poisoned by a red draconian annihilator (poison arrow)]
 30358 | Zot:5    | HP: 39/214 [red draconian knight/shard of ice (29)]
 30363 | Zot:5    | HP: 28/214 [poisoned by a red draconian annihilator (poison arrow)]
 30369 | Zot:5    | HP: 44/214 [purple draconian knight/long sword of holy wrath (3)]
 30380 | Zot:5    | HP: 48/214 [red draconian knight/bolt of cold (1)]
 30390 | Zot:5    | HP: 36/321 [quicksilver dragon/bolt of dispelling energy (29)]
 30407 | Zot:5    | HP: 39/214 [green draconian knight/bolt of cold (4)]
 30411 | Zot:5    | HP: 9/214 [green draconian knight/shard of ice (30)]
 30416 | Zot:5    | HP: 18/214 [green draconian knight/vampiric war axe (14)]
 30421 | Zot:5    | HP: 25/214 [green draconian knight/vampiric war axe (7)]
 30433 | Zot:5    | HP: 16/214 [green draconian knight/shard of ice (32)]
 30435 | Zot:5    | HP: 4/214 [green draconian knight/vampiric war axe (16)]
 30561 | Zot:5    | HP: 69/214 [death cob (17)]
 30567 | Zot:5    | HP: 87/321 [death cob (18)]
 30606 | Zot:5    | HP: 73/214 [tentacled monstrosity (8)]
 30612 | Zot:5    | HP: 48/214 [tentacled monstrosity (6)]
 30620 | Zot:5    | HP: 74/321 [tentacled monstrosity (2)]
 30682 | Zot:5    | Noticed a golden dragon
 30687 | Zot:5    | HP: 107/321 [golden dragon/blast of poison (3)]
 30691 | Zot:5    | Killed a golden dragon
 30693 | Zot:5    | Noticed an ancient lich
 30700 | Zot:5    | HP: 68/214 [ancient lich (2)]
 30707 | Zot:5    | HP: 65/214 [ancient lich (7)]
 30708 | Zot:5    | Killed an ancient lich
 30708 | Zot:5    | Reached XP level 22. HP: 65/224 MP: 29/29
 30822 | Zot:5    | HP: 83/224 [acid (19)]
 30827 | Zot:5    | HP: 58/224 [Orb Guardian (19)]
 30834 | Zot:5    | HP: 36/224 [quicksilver dragon/bolt of dispelling energy (18)]
 30851 | Zot:5    | HP: 33/224 [black draconian/bolt of lightning (11)]
 30861 | Zot:5    | HP: 36/224 [black draconian/bolt of lightning (2)]
 30863 | Zot:5    | HP: 16/224 [black draconian/bolt of lightning (11)]
 31137 | Zot:5    | Noticed a Killer Klown
 31141 | Zot:5    | HP: 86/224 [Killer Klown (7)]
 31156 | Zot:5    | Killed a Killer Klown
 31290 | Zot:5    | HP: 89/224 [black draconian monk (20)]
 31296 | Zot:5    | HP: 64/224 [black draconian monk/bolt of lightning (9)]
 31568 | Zot:5    | Noticed a Killer Klown
 31568 | Zot:5    | HP: 85/224 [electric golem (9)]
 31573 | Zot:5    | HP: 48/224 [black draconian stormcaller/divine providence (11)]
 31578 | Zot:5    | HP: 33/224 [Killer Klown (6)]
 31584 | Zot:5    | HP: 37/224 [electric golem (9)]
 31586 | Zot:5    | HP: 18/224 [electric golem (7)]
 31588 | Zot:5    | HP: 4/224 [electric golem (8)]
 31588 | Zot:5    | Killed from afar by a black draconian stormcaller

Vault maps used:
D:1:      nicolae_arrival_memento_mori, hangedman_decor_clover_reticule,
          kennysheep_flooded_box
D:2:      nicolae_overflow_hidden_temple
D:3:      kennysheep_generic_room_5
D:4:      temple_hall, first_ration, nicolae_ru_great_annihilating_truth
D:5:      yredelemnul_forgotten_temple_becter
D:6:      nicolae_overflow_crystal_walls, basic_altar, serial_shops,
          nicolae_shop_behind_doors
D:7:      makhleb_blood_cavern_becter, kennysheep_mini, old_standard_altar
D:8:      serial_shops, shop, the_bakery, minmay_holes
D:9:      lemuel_zombie_altar_kikubaaqudgha, vehumet_crystals, uniq_joseph,
          uniq_pikel
D:10:     dpeg_lair_monsters, basic_altar
D:11:     kennysheep_orc_monster_closet_entryway, serial_shops, shop, shop,
          nicolae_shop_trees
D:12:     serial_shops, shop
D:13:     hangedman_vaults_entry_quadrant_bands,
          nicolae_gozag_cash_rules_everything_around_me
D:14:     hex_intersection, serial_shops, nicolae_shop_waterfront
D:15:     hangedman_depths_entry_try_elsewhere_first, grunt_decor_arrowhead,
          dk_noncrumbling_4
Lair:2:   grunt_megastairs_2, minmay_lair_oklob_chamber, uniq_harold
Lair:3:   dpeg_stationary_puzzle, grunt_megastairs_5
Lair:4:   elwin_shoals_entry_rooms, nicolae_spider_entry_orb_guardian,
          beast_lair_carwin_10
Lair:5:   enter_volcano_2, lemuel_centaur_altar
Lair:6:   wormcave, guppyfry_lair_end_dragon, slime_altar_1,
          serial_bayou_shore_b, lemuel_fruit_tree
Shoals:1: cheibrodos_shoals_epimethial_gifts, hangedman_feature_mirror,
          uniq_frances
Shoals:2: abandoned_shop, nicolae_shoals_water_shrine
Shoals:3: st_shoals_ruin
Shoals:4: shoals_end_grunt_garden, shoals_ilsuiw_ice,
          nicolae_shoals_stone_sculpture_thing, uniq_louise
Spider:2: uniq_aizul, uniq_agnes, uniq_arachne
Spider:3: uniq_kirke
Spider:4: spider_rune_water
Vaults:1: hangedman_vaults_impose, vaults_room_boxed, st_diamondy,
          hangedman_vaults_maws, v_misc_17, grunt_vaults_hallway_long,
          v_alt_pattern_6, nicolae_vaults_mini_display_case, v_pattern_5
Vaults:2: minmay_crypt_entry_simple_corners, ontoclasm_vaults_twist,
          ontoclasm_vaults_chip, vaults_room_large_hall,
          nicolae_vaults_specimen_jars, nicolae_vaults_little_squares_5,
          serial_shops, nicolae_shop_waterfront, uniq_sojobo
Vaults:3: nicolae_vaults_little_squares_4, grunt_vaults_swirl,
          hangedman_vaults_stitches, grunt_vaults_focal,
          vaults_dpeg_encased_lava, nicolae_vaults_network_barrier,
          hangedman_vaults_hat, v_rooms_4, ontoclasm_vaults_ring_small,
          v_misc_14, v_misc_17, nicolae_vaults_ring_of_whatevers,
          grunt_vaults_twisty, uniq_xtahua
Vaults:4: v_pattern_2, hangedman_vaults_stagger, nicolae_vaults_shelves_hall,
          v_misc_30, vaults_mumra_chevron_long, ontoclasm_vaults_ring_square,
          hangedman_vaults_hard_town_square, stair_cage_open, v_alt_pattern_1,
          nicolae_vaults_little_squares_1, vaults_dpeg_hooks,
          nicolae_vaults_border_crossing, nicolae_vaults_triangles,
          ontoclasm_vaults_gateway, basic_altar, serial_shops,
          nicolae_shop_crystal
Vaults:5: serial_shops
Depths:1: bh_walls_and_bars, grunt_hell_horde, kennysheep_path_1,
          kennysheep_boxes
Depths:2: evilmike_diamond_1, hell_entry, hangedman_abyss_or_decor_stabs,
          serial_bayou_crossing, infiniplex_staircase_zigzag_1,
          grunt_megastairs_1, serial_bayou_shore_b
Depths:3: kennysheep_gozag_temple, enter_ziggurat_b, hangedman_coc_ice_floe,
          mu_enter_wizlab_3, enter_trove_6, kennysheep_nondescript, pan_entry,
          infiniplex_staircase_x
Depths:4: hangedman_cross_stitches, hell_entry, abyss_entry,
          infiniplex_staircase_zigzag_3
Depths:5: grunt_crosshair, rand_demon_pan_entry_9, hell_entry,
          kennysheep_crisscross, uniq_jory
Zot:2:    hangedman_snake_sidewinding
Zot:3:    st_large_dragon_hoard_4
Zot:5:    guppyfry_library_mini, basic_stair_grate_trap

Skill      XL: |  1  2  3  4  5  6  7  8  9 10 11 12 13 14 15 16 17 18 19 20 21 |
---------------+----------------------------------------------------------------+-----
Fighting       | 4 5 6 8 9 10 11 12 14 16 17 19 20 21 22 23 24 | 24.8
Axes           | 5 6 7 8 9 11 13 14 16 18 20 | 20.0
Shields        | 1 2 4 |  4.0
Armour         | 3 5 6 8 9 11 12 14 16 17 18 19 20 21 22 | 22.9
Dodging        | 4 5 7 8 9 10 11 | 11.5
Evocations     | 2 5 7 8 10 | 10.0

Action                   |  1- 3 |  4- 6 |  7- 9 | 10-12 | 13-15 | 16-18 | 19-21 | 22-24 || total
-------------------------+-------+-------+-------+-------+-------+-------+-------+-------++-------
Melee: Hand axe          |    69 |    54 |   300 |    32 |       |       |       |       ||   455
       War axe           |       |       |       |   527 |   665 |   142 |       |       ||  1334
       Battleaxe         |       |       |       |   126 |   160 |       |       |       ||   286
       Broad axe         |       |       |       |       |       |   722 |   907 |   117 ||  1746
Invok: Berserk           |     2 |     4 |     7 |    18 |    21 |    19 |    20 |     5 ||    96
       Trog's Hand       |       |       |     2 |     1 |     1 |    14 |    12 |     3 ||    33
       Brothers in Arms  |       |       |       |     2 |       |    11 |    15 |     2 ||    30
 Abil: Evoke Flight      |       |       |       |       |       |     5 |       |       ||     5
Evoke: Wand              |       |       |       |       |       |       |     5 |     1 ||     6
  Use: Scroll            |     1 |       |     7 |     7 |    20 |    19 |    16 |     4 ||    74
       Potion            |       |       |       |       |       |     2 |    23 |     7 ||    32
 Stab: Distracted        |       |       |       |       |       |     3 |       |       ||     3
       Invisible         |       |       |       |       |       |       |    15 |       ||    15
  Eat: Chunk             |     1 |     7 |     8 |    36 |    28 |    26 |    17 |       ||   123
       Ration            |       |       |     1 |     1 |     7 |     6 |     9 |     4 ||    28
Armor: Animal skin       |     2 |       |       |       |       |       |       |       ||     2
       Scale mail        |    23 |    21 |       |       |       |       |       |       ||    44
       Gold dragon scale |       |     6 |   304 |   482 |   625 |   725 |   678 |   174 ||  2994
Dodge: Dodged            |    44 |    27 |    61 |   163 |   232 |   326 |   355 |   103 ||  1311
Block: Buckler           |       |     1 |    62 |   118 |   169 |   281 |   301 |    50 ||   982

Table legend:
 A = Spawn XP
 B = Non-spawn XP
 C = Spawn XP percentage of total XP
 D = Spawn monster count
 E = Non-spawn monster count
 F = Spawn count percentage of total count
 G = Total turns spent on level
                    A         B        C        D         E        F      G
               +---------+---------+-------+---------+---------+-------+---------
         Total |       0 |  641308 |   0.0 |       0 |    1156 |   0.0 | 31588
               +---------+---------+-------+---------+---------+-------+---------
           D:1 |       0 |      17 |   0.0 |       0 |       7 |   0.0 |   370
           D:2 |       0 |      44 |   0.0 |       0 |      11 |   0.0 |   437
           D:3 |       0 |       7 |   0.0 |       0 |       4 |   0.0 |   110
           D:4 |       0 |     395 |   0.0 |       0 |      19 |   0.0 |   882
           D:5 |       0 |      42 |   0.0 |       0 |       1 |   0.0 |    89
           D:6 |       0 |     642 |   0.0 |       0 |      13 |   0.0 |   817
           D:7 |       0 |     643 |   0.0 |       0 |      13 |   0.0 |   300
           D:8 |       0 |    4822 |   0.0 |       0 |      50 |   0.0 |  1489
           D:9 |       0 |    2419 |   0.0 |       0 |      22 |   0.0 |   830
          D:10 |       0 |    6887 |   0.0 |       0 |      34 |   0.0 |  1132
          D:11 |       0 |    8415 |   0.0 |       0 |      73 |   0.0 |  1561
          D:12 |       0 |    4835 |   0.0 |       0 |      33 |   0.0 |   981
          D:13 |       0 |    8944 |   0.0 |       0 |      31 |   0.0 |   993
          D:14 |       0 |    5828 |   0.0 |       0 |      16 |   0.0 |   739
          D:15 |       0 |   16590 |   0.0 |       0 |      41 |   0.0 |   961
        Lair:1 |       0 |    1751 |   0.0 |       0 |       7 |   0.0 |   731
        Lair:2 |       0 |    5112 |   0.0 |       0 |      23 |   0.0 |  1032
        Lair:3 |       0 |    2497 |   0.0 |       0 |      11 |   0.0 |   814
        Lair:4 |       0 |   14990 |   0.0 |       0 |      39 |   0.0 |  1666
        Lair:5 |       0 |    5026 |   0.0 |       0 |      22 |   0.0 |   821
        Lair:6 |       0 |   17111 |   0.0 |       0 |      54 |   0.0 |  1311
      Shoals:1 |       0 |     757 |   0.0 |       0 |       1 |   0.0 |    15
      Shoals:2 |       0 |   21486 |   0.0 |       0 |      38 |   0.0 |   990
      Shoals:3 |       0 |    5902 |   0.0 |       0 |      13 |   0.0 |   281
      Shoals:4 |       0 |   25572 |   0.0 |       0 |      57 |   0.0 |   684
      Spider:1 |       0 |    3888 |   0.0 |       0 |       9 |   0.0 |   225
      Spider:2 |       0 |    1523 |   0.0 |       0 |       5 |   0.0 |    27
      Spider:3 |       0 |    8060 |   0.0 |       0 |      16 |   0.0 |   298
      Spider:4 |       0 |   32264 |   0.0 |       0 |      71 |   0.0 |  1295
      Vaults:1 |       0 |   13534 |   0.0 |       0 |      23 |   0.0 |   765
      Vaults:2 |       0 |   15448 |   0.0 |       0 |      28 |   0.0 |   808
      Vaults:3 |       0 |    8082 |   0.0 |       0 |      17 |   0.0 |   343
      Vaults:4 |       0 |   90825 |   0.0 |       0 |     116 |   0.0 |  2000
      Vaults:5 |       0 |   30463 |   0.0 |       0 |      43 |   0.0 |   275
      Depths:1 |       0 |     697 |   0.0 |       0 |       1 |   0.0 |    12
      Depths:2 |       0 |    3277 |   0.0 |       0 |       4 |   0.0 |   277
      Depths:3 |       0 |   17397 |   0.0 |       0 |      18 |   0.0 |   566
      Depths:4 |       0 |   29180 |   0.0 |       0 |      32 |   0.0 |   472
      Depths:5 |       0 |   31020 |   0.0 |       0 |      20 |   0.0 |   402
         Zot:1 |       0 |    7142 |   0.0 |       0 |       7 |   0.0 |    43
         Zot:2 |       0 |   31493 |   0.0 |       0 |      22 |   0.0 |   390
         Zot:3 |       0 |    1213 |   0.0 |       0 |       1 |   0.0 |    40
         Zot:4 |       0 |   73347 |   0.0 |       0 |      47 |   0.0 |  1978
         Zot:5 |       0 |   81721 |   0.0 |       0 |      43 |   0.0 |  1336
               +---------+---------+-------+---------+---------+-------+---------
